 Dungeon Crawl Stone Soup version 0.28.0-53-g5a82cb258f (webtiles) character file.

Game seed: 1440139663914013043

39 CryoSword the Skirmisher (level 3, -1/29 HPs)
             Began as a Demonspawn Artificer on May 23, 2022.
             Slain by an iguana (8 damage)
             ... on level 2 of the Dungeon.
             The game lasted 00:02:16 (1818 turns).

CryoSword the Skirmisher (Demonspawn Artificer)     Turns: 1818, Time: 00:02:16

Health: -1/29      AC:  4    Str: 14    XL:     3   Next: 28%
Magic:  3/3        EV: 13    Int: 14    God:
Gold:   86         SH:  0    Dex: 13    Spells: 2/2 levels left

rFire   . . .      SeeInvis .   j - +4 whip
rCold   + . .      Faith    .   (no shield)
rNeg    . . .      Spirit   .   b - +0 leather armour
rPois   .          Reflect  .   (no helmet)
rElec   .          Harm     .   (no cloak)
rCorr   .          Rampage  .   (no gloves)
Will    .....                   (no boots)
Stlth   +.........              (no amulet)
HPRegen 1.09/turn               (no ring)
MPRegen 0.08/turn               (no ring)

@: no status effects
A: repulsion field 1, powered by death 1, talons 1, clever 1, cold resistance 1,
shaggy fur 1
a: no special abilities


You were on level 2 of the Dungeon.
You visited 1 branch of the dungeon, and saw 2 of its levels.

You collected 86 gold pieces.

Inventory:

Hand Weapons
 j - a +4 whip (weapon)
   (You took it off a kobold on level 2 of the Dungeon)
Armour
 b - a +0 leather armour (worn)
Jewellery
 h - a ring of see invisible
   (You found it on level 2 of the Dungeon)
Wands
 c - a wand of flame (14) (quivered)
 d - a wand of charming (15)
Scrolls
 a - a scroll of magic mapping {unknown}
 f - 3 scrolls of identify {unknown}
 g - a scroll of vulnerability {unknown}
 k - a scroll of immolation {unknown}
Miscellaneous
 e - a piece from Xom's chessboard (6/15)


   Skills:
 + Level 3.1 Fighting
 + Level 0.6 Maces & Flails
 - Level 1.7 Armour
 - Level 0.8 Dodging
 - Level 0.8 Stealth
 - Level 3.0 Evocations


You had 2 spell levels left.
You didn't know any spells.
Your spell library contained the following spells:

 Spells                   Type           Power      Damage    Failure   Level
 Corpse Rot               Necr/Air       0%         N/A       47%         2
 Poisonous Vapours        Pois/Air       0%         N/A       47%         2
 Tukima's Dance           Hex            0%         N/A       71%         3
 Anguish                  Hex/Necr       0%         N/A       98%         4
 Enfeeble                 Hex            0%         N/A       100%        7


Dungeon Overview and Level Annotations

Branches:
Dungeon (2/15)

Altars:


Innate Abilities, Weirdness & Mutations

You are surrounded by a mild repulsion field. (EV +2)
You regenerate a little health from kills.
You have sharp toenails.
Your mind is acute. (Int +2)
Your flesh is cold resistant. (rC+)
You are covered in fur. (AC +1)


Message History

You closely miss the kobold. The kobold hits you with a +4 whip!
You are too injured to fight recklessly!
You are too injured to fight recklessly!
The kobold throws a stone.
The stone barely misses you.
You make a move on Xom's chessboard...
The endoplasm struggles to resist.
You make a move on Xom's chessboard...
The endoplasm appears confused.
You hit the endoplasm. The endoplasm misses you.
You hit the endoplasm.
You kill the endoplasm!
You make a move on Xom's chessboard...
The kobold seems to slow down.
The kobold hits you with a +4 whip.
* * * LOW HITPOINT WARNING * * *
You miss the kobold.
The kobold throws a stone.
The stone closely misses you.
The kobold throws a stone.
The stone misses you.
Things that are here:
a +0 dagger; 4 stones; a kobold corpse
Aim: a kobold, wielding a +4 whip and quivering stones (slow, 64% to hit)
The puff of flame hits the kobold!
You kill the kobold!
You start resting.
Things that are here:
a +0 dagger; 4 stones; a kobold skeleton
Things that are here:
a +4 whip; 4 stones
j - a +4 whip
j - a +4 whip (weapon)
You drop a +0 whip.
Setting a skill training target for Maces & Flails at 12.0.
You now have 40 gold pieces (gained 5).
Found an escape hatch in the ceiling.
Found a hunting sling.
Found 24 stones.
An endoplasm comes into view.
The endoplasm quivers.
The endoplasm moves out of view.
An endoplasm is nearby!
An endoplasm is nearby!
An endoplasm is nearby!
You whack the endoplasm!
You kill the endoplasm!
Your piece from Xom's chessboard (12/15) has regained one charge.
No target in view!
You now have 51 gold pieces (gained 11).
You now have 64 gold pieces (gained 13).
You now have 73 gold pieces (gained 9).
A goblin comes into view. It is wielding a +0 club.
The goblin shouts!
A goblin is nearby!
A goblin is nearby!
A goblin is nearby!
You hit the goblin.
You kill the goblin!
No target in view!
You see here a +0 club.
h - a ring of see invisible A ball python comes into view.
Found 13 gold pieces.
A ball python is nearby!
A ball python is nearby!
Found a stone staircase leading down.
You closely miss the ball python. The ball python bites you.
The ball python barely misses you.
You hit the ball python. The ball python closely misses you.
The ball python grabs you. The ball python constricts you.
An endoplasm comes into view.
The ball python barely misses you. The ball python constricts you.
You closely miss the ball python.
The ball python bites you but does no damage.
The ball python constricts you.
You closely miss the ball python. The ball python closely misses you.
The ball python constricts you.
The endoplasm quivers.
You whack the ball python!
You kill the ball python!
You have reached level 3!
Your experience leads to an increase in your attributes!
Increase (S)trength, (I)ntelligence, or (D)exterity?
You feel stronger. x2; Your demonic ancestry asserts itself...
A wave of death washes over you.
You hit the endoplasm. The endoplasm freezes you.
You are frozen.
You hit the endoplasm.
You kill the endoplasm!
Your Fighting skill increases to level 3!
No target in view!
k - a scroll labelled TIAZUCIECIV
Found a flail.
You now have 86 gold pieces (gained 13).
You see here a +0 flail.
An iguana comes into view.
An iguana is nearby!
An iguana is nearby!
An iguana is nearby!
Found a ring mail.
The iguana hisses angrily.
You hear a shout!
A kobold comes into view. It is wielding a +0 short sword.
You hear an angry hiss.
An adder comes into view.
You hit the iguana. The kobold barely misses you. The iguana bites you!
The adder bites you but does no damage.
You hit the kobold.
You kill the kobold!
The adder bites you.
You barely miss the adder. The adder misses you.
You closely miss the adder. The adder barely misses you.
The adder closely misses you.
You closely miss the adder. The adder bites you.
You closely miss the adder. The adder barely misses you.
You closely miss the adder. The adder barely misses you. The adder misses you.
You hit the adder. The adder bites you.
You miss the adder. The adder bites you.
* * * LOW HITPOINT WARNING * * *
The adder bites you.
* * * LOW HITPOINT WARNING * * *
You make a move on Xom's chessboard...
The adder twists and deforms.
The adder closely misses you.
You don't have any such object.
You don't have any such object.
You don't have any such object.
You make a move on Xom's chessboard...
The adder twists and deforms.
The adder closely misses you.
You make a move on Xom's chessboard...
The iguana is outlined in light.
The adder bites you.
* * * LOW HITPOINT WARNING * * *
The adder barely misses you.
It was a potion of mutation.
You feel extremely strange. Fur sprouts all over your body.
Your toenails lengthen and sharpen.
You feel resistant to cold.
You feel clever. The adder barely misses you.
You make a move on Xom's chessboard...
The adder seems to slow down.
The adder bites you.
* * * LOW HITPOINT WARNING * * *
You are poisoned.
The adder poisons you!
You closely miss the adder. Your kick misses the adder.
You feel sick.
You are no longer poisoned.
The adder bites you.
* * * LOW HITPOINT WARNING * * *
You hit the adder. You claw the adder, but do no damage.
The adder barely misses you.
You whack the adder!
You kill the adder!
You make a move on Xom's chessboard...
The iguana twists and deforms.
The iguana barely misses you.
You make a move on Xom's chessboard...
The iguana twists and deforms.
The iguana bites you!
You die...

## #. #. #### # ##.##
#...
####.#...#############.#.
#......#.........)....>..
#.....#######.........
#......#l# ######....
#..#...#@# #.... #
.....#....# ####....
#..[#######..... ........
.... .### ######.. #.. #
##. #. #. # #. #. ##
###.###########.


You could see an iguana (misshapen, corona).

Vanquished Creatures
  An adder (D:2)
  A dart slug (D:1)
  3 bats (D:1)
  5 endoplasms
  A giant cockroach (D:1)
  3 goblins
  3 hobgoblins (D:1)
  5 kobolds
  2 ball pythons
  A frilled lizard (D:1)
  A rat (D:1)
26 creatures vanquished.

Notes
Turn   | Place    | Note
-------+----------+-------------------------------------------
     0 | D:1      | CryoSword the Demonspawn Artificer began the quest for the
                  | Orb.
     0 | D:1      | Reached XP level 1. HP: 15/15 MP: 1/1
   567 | D:1      | Gained mutation: You are surrounded by a mild repulsion
                  | field. (EV +2) [demonic ancestry]
   567 | D:1      | Reached XP level 2. HP: 22/22 MP: 2/2
  1711 | D:2      | Gained mutation: You regenerate a little health from kills.
                  | [demonic ancestry]
  1711 | D:2      | Reached XP level 3. HP: 25/28 MP: 3/3
  1812 | D:2      | Gained mutation: You are covered in fur. (AC +1) [potion of
                  | mutation]
  1812 | D:2      | Gained mutation: You have sharp toenails. [potion of
                  | mutation]
  1812 | D:2      | Gained mutation: Your flesh is cold resistant. (rC+)
                  | [potion of mutation]
  1812 | D:2      | Gained mutation: Your mind is acute. (Int +2) [potion of
                  | mutation]
  1818 | D:2      | Slain by an iguana

Illustrated notes

Levels and vault maps discovered:
D:1:      tarquinn_simple_flora_water_b, layout_rooms, serial_co_window_serial,
          co_window_corner_a, co_window_paths_a, co_window_corner_a,
          co_window_corner_a, co_window_cross_1, co_window_broadway_c,
          co_window_unsneaky_path_d, co_window_paths_c, co_window_broadway_a,
          glass_columns_b, glass_columns_b
D:2:      layout_loops_ring, chequers_serial_rivers_small_b

Skill      XL: |  1  2  3 |
---------------+----------+-----
Fighting       | 2 3 |  3.1
Maces & Flails | |  0.6
Armour         | |  1.7
Dodging        | |  0.8
Stealth        | |  0.8
Evocations     | |  3.0

Action                   || total
-------------------------++-------
Melee: Whip              ||    73
       Club              ||     7
       Kick              ||     1
Evoke: Piece from Xom's  ||    11
       Wand              ||     1
  Use: Potion            ||     1
 Stab: Confused          ||     1
       Sleeping          ||     1
Armor: Leather armour    ||    14
Dodge: Dodged            ||    61
